 Dungeon Crawl Stone Soup version 0.32-a0-996-gb3226c233f (webtiles) character file.

Game seed: 1991758219802315611

231279 lilalause the Unseen (level 20, -4/136 HPs)
             Began as a Kobold Delver on Apr 22, 2024.
             Was an Elder of Ashenzari.
             Slain by Polyphemus (13 damage)
             ... while petrified by a catoblepas
             ... on level 4 of the Shoals on Apr 23, 2024.
             The game lasted 02:47:56 (42977 turns).

lilalause the Unseen (Kobold Delver)               Turns: 42977, Time: 02:47:57

Health: -4/136     AC: 19    Str: 17    XL:     20   Next: 28%
Magic:  37/55      EV:  3    Int: 15    God:    Ashenzari [****..]
Gold:   693        SH:  0    Dex: 24    Spells: 20/46 levels left

rFire   + . .        a - +6 dagger of Dismemberment {pain, rF+ rN+}
rCold   . . .        Z - +0 buckler of Apeoromancy {Fort, Self} (curse)
rNeg    + + +        Q - +3 troll leather armour {Snorg}
rPois   ∞            j - +2 helmet of Ashenzari's Stars {SInv, Cun, Elem} (curse)
rElec   .            K - +2 cloak "Sidereal Free Will" {rPois, Fort, Melee} (curse)
rCorr   .            V - +2 pair of gloves "Dismay of Ashenzari" {Str+3, Self, Comp} (curse)
SInv    +            n - +0 pair of boots "Enigmatic Pessimism" {Rampage rN+, Melee, Self} (curse)
Will    +....        i - amulet of the Lashed Welkin {Faith rN+ MP+9, Fort, Bglg} (curse)
Stlth   +++++++++    F - ring of flight
HPRegen 1.22/turn    R - ring "Ensconced Together" {Wiz MP+9 Str+3 Dex+4, Fort, Self} (curse)
MPRegen 0.34/turn

%: clarity, rampage, faith, wizardry (x1)
@: petrified, flying
A: small, no large weapons, nightstalker 3
}: 1/15 runes: serpentine
a: Renounce Religion, Curse Item, Shatter the Chains


You were on level 4 of the Shoals.
You worshipped Ashenzari.
Ashenzari was greatly pleased with you.
You visited 6 branches of the dungeon, and saw 31 of its levels.
You visited 1 bazaar.
You also visited: Sewer, Gauntlet and Ice Cave.

You collected 3135 gold pieces.
You spent 2442 gold pieces at shops.

Inventory:

Hand Weapons
 a - the +6 dagger of Dismemberment (weapon) {pain, rF+ rN+}
   (You bought it in a shop on level 2 of the Dungeon)

   rF+:       It protects you from fire.
   rN+:       It protects you from negative energy.
 b - a +2 rapier of speed
Missiles
 q - 4 atropa-tipped darts
 A - 16 throwing nets (quivered)
Armour
 j - the cursed +2 helmet of Ashenzari's Stars (worn) {SInv, Cun, Elem}
   (You found it in a Gauntlet)

   It has a curse which improves the following skills: Cunning: Dodging and
   Stealth.
   Elements:  Fire Magic, Ice Magic, Air Magic and Earth Magic.
 n - the cursed +0 pair of boots "Enigmatic Pessimism" (worn) {Rampage rN+, Melee, Self}
   (You found it in an ice cave)

   rN+:       It protects you from negative energy.
   Rampage:   It bestows one free step when moving towards enemies.
   It has a curse which improves the following skills: Melee Combat: Short
   Blades, Long Blades, Axes, Maces & Flails, Polearms, Staves and Unarmed
   Combat.
   Introspection: Fighting and Spellcasting.
 s - the +0 leather armour "Pudghyf" {rF+ Dex+3 SInv}
   (You found it on level 15 of the Dungeon)

   Dex+3:     It affects your dexterity (+3).
   rF+:       It protects you from fire.
   SInv:      It lets you see invisible.
 z - a +2 kite shield of fire resistance
 D - +1 steam dragon scales
 G - the +4 scale mail "Hihig" {rElec rPois}
   (You found it on level 4 of the Lair of Beasts)

   rElec:     It insulates you from electricity.
   rPois:     It protects you from poison.
 H - the +1 leather armour of Greater Demons {rF+++ rC- Str+7 Int-5}
   (You found it on level 3 of the Shoals)

   Str+7:     It affects your strength (+7).
   Int-5:     It affects your intelligence (-5).
   rF+++:     It renders you almost immune to fire.
   rC-:       It makes you vulnerable to cold.
 K - the cursed +2 cloak "Sidereal Free Will" (worn) {rPois, Fort, Melee}
   (You took it off Maurice on level 7 of the Dungeon)

   It has a curse which improves the following skills: Fortitude: Armour and
   Shields.
   Melee Combat: Short Blades, Long Blades, Axes, Maces & Flails, Polearms,
   Staves and Unarmed Combat.
 Q - a +3 troll leather armour (worn) {Snorg}
 V - the cursed +2 pair of gloves "Dismay of Ashenzari" (worn) {Str+3, Self, Comp}
   (You bought it in a shop in a bazaar)

   It has a curse which improves the following skills: Introspection: Fighting
   and Spellcasting.
   Companions: Summonings and Necromancy.
 Z - the cursed +0 buckler of Apeoromancy (worn) {Fort, Self}
   (You found it on level 10 of the Dungeon)

   It has a curse which improves the following skills: Fortitude: Armour and
   Shields.
   Introspection: Fighting and Spellcasting.
Jewellery
 i - the cursed amulet of the Lashed Welkin (around neck) {Faith rN+ MP+9, Fort, Bglg}
   (You found it on level 1 of the Shoals)

   [amulet of faith]

   Faith:     It allows you to gain divine favour quickly.
   rN+:       It protects you from negative energy.
   MP+9:      It affects your magic capacity (+9).
   It has a curse which improves the following skills: Fortitude: Armour and
   Shields.
   Beguiling: Hexes and Translocations.
 m - a ring of resist corrosion
 y - the ring of the Mage {Wiz Archmagi}
   (You found it on level 3 of the Shoals)

   [ring of wizardry]

   Wiz:       It improves your spell success rate.
   Archmagi:  It increases the power of your magical spells.
 F - a ring of flight (left hand)
 J - a ring of positive energy
 N - a ring of protection from cold
 R - the cursed ring "Ensconced Together" (right hand) {Wiz MP+9 Str+3 Dex+4, Fort, Self}
   (You bought it in a shop on level 2 of the Orcish Mines)

   [ring of wizardry]

   Wiz:       It improves your spell success rate.
   Str+3:     It affects your strength (+3).
   Dex+4:     It affects your dexterity (+4).
   MP+9:      It affects your magic capacity (+9).
   It has a curse which improves the following skills: Fortitude: Armour and
   Shields.
   Introspection: Fighting and Spellcasting.
 S - the ring "Nourunou" {rElec rPois Will- Int+6 SInv}
   (You bought it in a shop on level 2 of the Orcish Mines)

   [ring of intelligence]

   Int+6:     It affects your intelligence (+6).
   rElec:     It insulates you from electricity.
   rPois:     It protects you from poison.
   Will-:     It decreases your willpower.
   SInv:      It lets you see invisible.
 Y - a ring of fire
Wands
 g - a wand of digging (18)
 u - a wand of light (10)
 I - a wand of charming (25)
 W - a wand of warping (43)
Scrolls
 d - 5 scrolls of revelation
 h - 9 scrolls of teleportation
 r - 2 scrolls of vulnerability
 v - 2 scrolls of enchant weapon
 w - 4 scrolls of fear
 x - 2 scrolls of poison
 L - 5 scrolls of fog
 O - 6 scrolls of blinking
 X - 4 scrolls of butterflies
Potions
 c - 4 potions of lignification
 e - 3 potions of magic
 f - 8 potions of might
 k - 2 potions of haste
 l - 9 potions of curing
 o - 2 potions of invisibility
 B - 4 potions of heal wounds
 E - a potion of ambrosia
 M - 3 potions of enlightenment
 P - a potion of cancellation
 T - 3 potions of berserk rage
 U - a potion of mutation
Miscellaneous
 p - a condenser vane (inert)
 t - a phantom mirror
 C - a sack of spiders


   Skills:
 + Level 13.9(18.2) Fighting
 + Level 15.1(17.7) Short Blades
 - Level 6.0 Throwing
 - Level 6.4(10.7) Armour
 + Level 14.6(16.3) Dodging
 + Level 18.0(19.6) Stealth
 + Level 5.7(9.9) Shields
 + Level 9.4(13.7) Spellcasting
 - Level 5.8(7.7) Hexes
 * Level 13.9(15.6) Summonings
 + Level 10.4(12.2) Necromancy
 - Level 4.4(6.1) Translocations
 + Level 8.4(10.3) Earth Magic
 - Level 9.0 Evocations


You had 20 spell levels left.
You knew the following spells:

 Your Spells              Type           Power      Damage    Failure   Level
b - Passwall              Erth           41%        N/A       1%          3
e - Summon Mana Viper     Hex/Summ       45%        N/A       1%          5
f - Summon Cactus Giant   Summ           27%        N/A       1%          6
g - Summon Forest         Summ/Tloc      21%        N/A       1%          5
h - Haunt                 Necr/Summ      25%        N/A       11%         7

Your spell library contained the following spells:

 Spells                   Type           Power      Damage    Failure   Level
 Slow                     Hex            100%       N/A       1%          1
 Ensorcelled Hibernation  Hex/Ice        44%        N/A       1%          2
 Call Canine Familiar     Summ           55%        N/A       1%          3
 Confusing Touch          Hex            33%        N/A       1%          3
 Sigil of Binding         Hex            33%        N/A       1%          3
 Tukima's Dance           Hex            33%        N/A       1%          3
 Vampiric Draining        Necr           47%        2d9       1%          3
 Animate Dead             Necr           47%        N/A       1%          4
 Borgnjor's Vile Clutch   Necr/Erth      22%        N/A       1%          5
 Dimensional Bullseye     Hex/Tloc       15%        N/A       2%          4
 Passage of Golubria      Tloc           28%        N/A       2%          4
 Foxfire                  Conj/Fire      40%        2x1d6     3%          1
 Death Channel            Necr           23%        N/A       3%          6
 Swiftness                Air            10%        N/A       11%         3
 Yara's Violent Unravell  Hex/Alch       10%        3d6       21%         5
 Ignite Poison            Fire/Alch      10%        N/A       32%         4
 Sticky Flame             Fire/Alch      10%        2d5       32%         4
 Borgnjor's Revivificati  Necr           23%        N/A       80%         8
 Plasma Beam              Fire/Air       5%         2x1d15    99%         6
 Starburst                Conj/Fire      5%         6d4       99%         6
 Ignition                 Fire           5%         3d4       100%        8
 Death's Door             Necr           23%        N/A       100%        9


Dungeon Overview and Level Annotations

Branches:
Dungeon (15/15)            Temple (1/1) D:7            Lair (5/5) D:11
 Shoals (4/4) Lair:3        Snake (4/4) Lair:2        Slime (0/5) Lair:5
    Orc (2/2) D:10            Elf (0/3) Orc:2        Vaults (0/5) D:14
 Depths (0/4) D:15          Sewer (visited)           IceCv (visited)
Gauntlet (visited)

Altars:
Ashenzari
Cheibriados
Dithmenos
Elyvilon
Fedhas
Gozag
Hepliaklqana
Kikubaaqudgha
Makhleb
Nemelex Xobeh
Okawaru
Qazlal
Ru
Sif Muna
Trog
Uskayaw
Vehumet
Wu Jian
Xom
Yredelemnul
Zin
The Shining One
Beogh
Jiyva

Shops:
D:2 (:(=(   D:13 *   Orc:1 *(?(   Orc:2 =[:!?   Shoals:1 **   Shoals:2 (
Snake:3 *

Annotations:
D:10 1 runed translucent door, Drangen's ghost, journeyman CoHu
D:12 3 runed translucent doors
Lair:1 exclusion: oklob plant
Lair:4 1 exclusion
Lair:5 exclusion: obsidian statue
Shoals:4 exclusion: door, Polyphemus


Innate Abilities, Weirdness & Mutations

You are small and have problems with some larger weapons.
You are completely attuned to the shadows.


Message History

The merfolk is engulfed in freezing vapours.
The merfolk aquamancer is engulfed in blazing flames.
You kill the merfolk aquamancer!
You hear a splash. x2
The sea snake is engulfed in blazing flames.
You kill the sea snake!
The merfolk aquamancer is engulfed in blazing flames.
You kill the merfolk aquamancer!
You hear a splash. x2
The merfolk is engulfed in freezing vapours.
The merfolk javelineer is engulfed in blazing flames.
The merfolk javelineer hits you from afar with a +2 heavy spear!
The catoblepas is engulfed in poison gas.
The catoblepas looks even sicker.
The catoblepas gores you but does no damage.
The death yak is engulfed in calcifying dust.
The merfolk javelineer throws a silver javelin.
The silver javelin barely misses you.
Polyphemus is engulfed in freezing vapours.
Polyphemus hits you! Polyphemus hits you!!
The death yak is engulfed in blazing flames.
The death yak gores you!
* * * LOW HITPOINT WARNING * * *
The merfolk is engulfed in blazing flames.
The merfolk hits you from afar with a +0 trident!
* * * LOW HITPOINT WARNING * * *
The merfolk is engulfed in blazing flames.
The merfolk hits you from afar with a +0 trident!
* * * LOW HITPOINT WARNING * * *
The merfolk javelineer throws a silver javelin.
The silver javelin pierces through you!!
* * * LOW HITPOINT WARNING * * *
x2 The catoblepas is engulfed in poison gas.
The catoblepas looks as sick as possible!
The catoblepas breathes a plume of calcifying dust at you.
The blast of calcifying dust hits you but does no damage.
Polyphemus is engulfed in freezing vapours.
Polyphemus hits you!!
You die...
Polyphemus says, "You're nobody."

~~~~~~~~~≈≈≈≈#).=.§'~~~~~~≈~~~~~~
.~~~<~~~~≈≈≈≈#.)...#...~~~~~~..~~
.......~~~≈≈≈##...##....~~~......
.......).~≈≈~~#####.....~~~......
.........~~~~~~....S....~.~..#*,.
..........~~#####C..........##**.
..........~##§m§##{~~~.~~....###.
...........#~~m§Y#≈≈~~~~~~.......
...........+○§mY@#≈≈≈~~~~~~~.....
~.~........#§~mYC#≈≈≈~.~~~.....~~
~~.........##§§§##≈≈~..~~~.....~~
≈≈≈~........#####≈≈~....~......~~
~~≈~..........~≈≈≈≈........##...~
~~~~,,.........~.~..#...~..###.~~
≈≈~~...............##...~~~<..~~~
≈≈~~...............###...~~~....~
≈≈~~.........~~~...# #...~~.~.~~.


You could see Polyphemus, 2 death yaks, a catoblepas (extremely poisoned), 2
merfolk javelineers and 2 merfolk.

Vanquished Creatures
  Vashnia (Snake:2)
  Jorgrun (D:15)
  Rupert (D:15)
  Frances (D:13)
  Kirke (Snake:1)
  Donald (Snake:3)
  3 nagarajas
  Aizul (Snake:1)
  A stone giant (D:15)
  2 dire elephants (Lair:5)
  A minotaur (Gauntlet)
  Snorg (D:13)
  2 merfolk javelineers (Shoals:4)
  5 merfolk impalers
  6 hydras
  Harold (D:9)
  A salamander tyrant (Snake:4)
  A catoblepas (D:13)
  2 merfolk avatars (Shoals:4)
  3 ogre magi (Orc:2)
  9 centaur warriors
  4 anacondas
  5 merfolk aquamancers
  2 alligator snapping turtles (Shoals:3)
  11 two-headed ogres
  A death knight (D:14)
  11 death yaks
  A death scarab (Gauntlet)
  3 boulder beetles
  3 satyrs
  4 tengu warriors
  Urug (D:13)
  14 naga sharpshooters
  An occultist (D:15)
  8 naga warriors
  5 shock serpents
  7 skysharks
  A spectral anaconda (Lair:5)
  3 salamander mystics
  3 skeletal warriors (D:14)
  Amaemon (D:10)
  A sun moth (shapeshifter) (D:15)
  7 sea snakes
  8 mana vipers
  A lindwurm (Lair:5)
  7 harpies
  The ghost of Pascal76 the Chopper, a novice MiFi of Okawaru (D:6)
  2 naga ritualists
  An obsidian bat (Orc:2)
  3 necromancers (Lair:5)
  9 ugly things
  3 deep elf pyromancers
  7 fauns (Shoals:2)
  13 salamanders
  Maurice (D:7)
  An orc sorcerer (Orc:1)
  A worldbinder (Gauntlet)
  11 cyclopes
  21 manticores
  3 meliai (D:13)
  4 guardian serpents
  26 elephants
  3 kobold blastminers (Orc:1)
  2 ice statues (IceCv)
  28 black mambas
  4 merfolk sirens
  2 dire elephant zombies (Lair:5)
  An orange demon (D:10)
  9 water nymphs
  11 naga magi
  5 gargoyles
  Maggie (D:9)
  11 cane toads
  An unseen horror (D:13)
  7 rime drakes
  2 dire elephant skeletons (Lair:5)
  2 efreet
  19 komodo dragons
  3 tengu conjurers
  5 trolls
  7 wind drakes
  A hornet (D:7)
  21 merfolk
  A spectral elephant (Lair:5)
  20 blink frogs
  9 dream sheep
  A raiju (shapeshifter) (D:13)
  A spectral dream sheep (Gauntlet)
  2 snapping turtles (Shoals:4)
  12 slime creatures
  4 wyverns
  43 yaks
  7 water elementals
  2 wraiths
  2 hogs (Snake:1)
  4 basilisks
  2 steam dragons
  8 vampire mosquitoes
  A warg (Orc:1)
  3 death yak simulacra (Lair:5)
  32 nagas
  2 acid dragons
  2 hell hounds (Gauntlet)
  4 nameless horrors
  22 water moccasins
  4 ice beasts
  12 orc warriors
  A sky beast (D:6)
  2 laughing skulls (D:15)
  3 elephant zombies (Lair:5)
  8 wolves
  21 ogres
  3 boggarts (Gauntlet)
  An elephant skeleton (Lair:5)
  13 centaurs
  14 bullfrogs
  A gnoll sergeant (D:8)
  4 scorpions
  2 cane toad simulacra (Lair:5)
  10 wights
  3 elephant simulacra (Lair:5)
  42 killer bees
  6 electric eels (D:7)
  3 howler monkeys (D:9)
  4 jellies
  A bombardier beetle (D:4)
  9 hounds
  12 orc priests
  5 gnoll boudas
  A sleepcap (D:6)
  Jessica (D:2)
  12 hell rats
  6 iguanas
  19 orc wizards
  A troll simulacrum (Orc:2)
  A wolf simulacrum (IceCv)
  A bullfrog simulacrum (D:6)
  Robin (D:3)
  22 gnolls
  11 adders
  2 naga simulacra (Orc:2)
  3 river rats (Sewer)
  4 white imps
  4 dart slugs
  3 ribbon worms (D:3)
  53 orcs
  4 endoplasms
  4 giant cockroaches
  14 goblins
  16 hobgoblins
  2 quokkas
  7 ball pythons
  5 bats
  4 frilled lizards
  3 kobolds
  9 rats
  A butterfly (Lair:1)
992 creatures vanquished.

Vanquished Creatures (collateral kills)
  Nikola (Snake:3)
  Roxanne (Snake:1)
  2 nagarajas (Snake:4)
  Nessos (D:15)
  2 merfolk impalers
  A vault guard (D:14)
  An ogre mage (Orc:2)
  2 salamander tyrants (Snake:4)
  A boulder beetle (D:14)
  6 two-headed ogres
  3 anacondas
  A merfolk aquamancer (Shoals:3)
  A naga sharpshooter (Snake:4)
  4 naga warriors
  4 salamander mystics
  4 mana vipers (Snake:4)
  3 naga ritualists
  An orc knight (D:15)
  5 harpies
  An obsidian bat (Orc:2)
  3 salamanders
  A manticore (Shoals:4)
  4 merfolk sirens
  A kobold blastminer (Orc:2)
  A guardian serpent (Snake:2)
  3 black mambas
  9 naga magi
  An anaconda simulacrum (IceCv)
  An efreet (D:14)
  7 merfolk
  A troll (Orc:2)
  A snapping turtle (Shoals:4)
  3 blink frogs
  A water elemental (Shoals:3)
  A nameless horror (Orc:1)
  2 fire elementals (Gauntlet)
  A vampire mosquito (D:14)
  10 nagas
  A water moccasin (Lair:2)
  3 orc warriors
  An ice beast (D:6)
  2 laughing skulls (D:15)
  8 ogres (Orc:2)
  A cane toad simulacrum (IceCv)
  A two-headed ogre simulacrum (Orc:2)
  3 wights
  An elephant simulacrum (IceCv)
  An iguana (D:7)
  3 orc wizards (Orc:2)
  2 spriggan simulacra (Orc:2)
  A wolf simulacrum (Orc:2)
  A bullfrog simulacrum (D:6)
  5 orcs
130 creatures vanquished.

Vanquished Creatures (others)
  A nameless horror (IceCv)
  4 humans (Snake:1)
  A vampire mosquito (D:14)
  A hell hound (Gauntlet)
  A wolf (Lair:1)
  A two-headed ogre simulacrum (Orc:2)
  An orc (Orc:1)
  2 snaplasher vines (Snake:4)
12 creatures vanquished.

Grand Total: 1134 creatures vanquished

Notes
Turn   | Place    | Note
-------+----------+-------------------------------------------
     0 | D:5      | lilalause the Kobold Delver began the quest for the Orb.
     0 | D:5      | Reached XP level 1. HP: 14/14 MP: 1/1
    11 | D:6      | Noticed a hound
    15 | D:6      | Killed a hound
    16 | D:6      | Reached XP level 2. HP: 20/20 MP: 2/2
    16 | D:6      | Reached XP level 3. HP: 24/24 MP: 3/3
    55 | D:6      | Reached skill level 7 in Stealth
    94 | D:5      | Reached XP level 4. HP: 29/29 MP: 4/4
   127 | D:5      | Noticed an ice beast
   171 | D:4      | Noticed an ogre
   243 | D:4      | Reached XP level 5. HP: 33/33 MP: 5/5
   245 | D:4      | Found a broken altar of Ashenzari.
   250 | D:4      | Became a worshipper of Ashenzari the Shackled
   393 | D:4      | Found a shadowy altar of Dithmenos.
   436 | D:3      | Found a glowing drain.
   442 | Sewer    | Entered a sewer
   861 | D:3      | Reached XP level 6. HP: 39/39 MP: 6/6
  1411 | D:1      | Reached * piety under Ashenzari
  1857 | D:2      | Noticed Jessica
  1954 | D:2      | Found Agguisuo's Antique Weapon Shop.
  2007 | D:2      | Found Holyr's Weapon Shop.
  2054 | D:2      | Found Ryluab's Jewellery Emporium.
  2139 | D:2      | Killed Jessica
  2273 | D:2      | Reached ** piety under Ashenzari
  2302 | D:2      | Found Epreruos's Antique Weapon Shop.
  2354 | D:2      | Found a faded altar of an unknown god.
  2376 | D:2      | Found Ubruedda's Book Emporium.
  2626 | D:2      | Bought an ichor-stained dagger for 161 gold pieces
  2626 | D:2      | Identified the +6 dagger of Dismemberment {pain, rF+ rN+}
                  | (You bought it in a shop on level 2 of the Dungeon)
  2741 | D:3      | Noticed Robin
  2787 | D:3      | Killed Robin
  2816 | D:3      | Reached skill level 8 in Stealth
  2827 | D:3      | Found a white marble altar of Elyvilon.
  3354 | D:4      | Reached XP level 7. HP: 47/47 MP: 7/7
  3420 | D:4      | Reached skill level 5 in Short Blades
  3420 | D:4      | Reached skill level 1 in Armour
  3597 | D:4      | Reached skill level 5 in Fighting
  3597 | D:4      | Reached skill level 1 in Necromancy
  3793 | D:4      | Reached skill level 5 in Dodging
  3889 | D:5      | Reached XP level 8. HP: 51/52 MP: 8/8
  4062 | D:5      | Found a shimmering blue altar of Sif Muna.
  4694 | D:6      | Reached skill level 9 in Stealth
  4707 | D:6      | Found a stormy altar of Qazlal.
  4754 | D:6      | Reached XP level 9. HP: 59/59 MP: 9/9
  5666 | D:6      | Found a runed translucent gate.
  5667 | D:6      | Found a runed translucent gate.
  5668 | D:6      | Found a runed translucent gate.
  6099 | D:7      | Found a staircase to the Ecumenical Temple.
  6117 | Temple   | Entered the Ecumenical Temple
  6156 | D:7      | Found a basalt altar of Yredelemnul.
  6213 | D:7      | Reached skill level 10 in Stealth
  6264 | D:7      | Reached *** piety under Ashenzari
  6332 | D:7      | Noticed a hornet
  6743 | D:7      | Reached XP level 10. HP: 68/68 MP: 10/10
  7095 | D:7      | Found a hazy altar of Hepliaklqana.
  7255 | D:7      | Noticed Maurice
  7257 | D:7      | Killed Maurice
  7258 | D:7      | Reached skill level 1 in Evocations
  7786 | D:8      | Reached skill level 5 in Necromancy
  7793 | D:8      | Reached skill level 1 in Throwing
  8572 | D:9      | Noticed Maggie
  8609 | D:9      | Killed Maggie
  8749 | D:9      | Reached skill level 11 in Stealth
  9173 | D:9      | Noticed Harold
  9176 | D:9      | Killed Harold
  9177 | D:9      | Reached XP level 11. HP: 73/73 MP: 11/11
  9439 | D:10     | Entered Level 10 of the Dungeon
  9455 | D:10     | Found a runed translucent door.
  9456 | D:10     | Noticed Drangen's ghost (journeyman CoHu)
  9740 | D:10     | Found a burning altar of Makhleb.
 10025 | D:10     | Found a staircase to the Orcish Mines.
 10496 | D:10     | Noticed Amaemon
 10613 | D:11     | Found a gate leading to a gauntlet.
 10622 | Gauntlet | Entered a Gauntlet
 10626 | Gauntlet | Noticed a soul eater
 10627 | Gauntlet | Noticed a death scarab
 10633 | Gauntlet | Found a transporter.
 10633 | Gauntlet | Found a transporter.
 10640 | Gauntlet | Noticed a worldbinder
 10643 | Gauntlet | Found a transporter.
 10643 | Gauntlet | Found a transporter.
 10647 | Gauntlet | Reached **** piety under Ashenzari
 10662 | Gauntlet | Found a transporter.
 10662 | Gauntlet | Found a transporter.
 10668 | Gauntlet | Found a large runed translucent door.
 10670 | Gauntlet | Found a large runed translucent door.
 10680 | Gauntlet | Found a transporter.
 10738 | Gauntlet | Found a transporter.
 10758 | Gauntlet | Found a transporter.
 10790 | Gauntlet | Found a transporter.
 10796 | Gauntlet | Found a large runed translucent door.
 10797 | Gauntlet | Found a transporter.
 10799 | Gauntlet | Found a large runed translucent door.
 10800 | Gauntlet | Found a large runed translucent door.
 10800 | Gauntlet | Found a large runed translucent door.
 10800 | Gauntlet | Found a runed translucent door.
 10800 | Gauntlet | Found a runed translucent door.
 10803 | Gauntlet | Found a large runed translucent door.
 10804 | Gauntlet | Found a large runed translucent door.
 10805 | Gauntlet | Found a large runed translucent door.
 10805 | Gauntlet | Found a large runed translucent door.
 10814 | Gauntlet | Found a runed translucent gate.
 10815 | Gauntlet | Found a transporter.
 10815 | Gauntlet | Found a runed translucent gate.
 10816 | Gauntlet | Found a runed translucent gate.
 10825 | Gauntlet | Found a large runed translucent door.
 10894 | Gauntlet | Killed a death scarab
 10895 | Gauntlet | Reached skill level 1 in Shields
 10950 | Gauntlet | Noticed a mana viper
 10983 | Gauntlet | Noticed a naga warrior
 10985 | Gauntlet | Noticed a naga warrior
 10997 | Gauntlet | Killed a worldbinder
 11052 | Gauntlet | Reached skill level 5 in Evocations
 11103 | Gauntlet | Noticed a minotaur
 11103 | Gauntlet | Identified the +1 helmet "Virien" {rN+}
 11110 | Gauntlet | Killed a minotaur
 11111 | Gauntlet | Reached skill level 12 in Stealth
 11111 | Gauntlet | Reached XP level 12. HP: 74/82 MP: 12/12
 11152 | D:11     | Found a staircase to the Lair.
 11180 | D:11     | Reached skill level 10 in Short Blades
 11227 | D:11     | Learned a level 5 spell: Summon Mana Viper
 11252 | D:11     | Reached skill level 1 in Summonings
 11408 | D:11     | Reached skill level 1 in Spellcasting
 11519 | D:11     | Reached skill level 1 in Hexes
 11670 | D:11     | Found a viscous altar of Jiyva.
 12432 | D:12     | Noticed a seven-headed hydra
 12433 | D:12     | Killed a seven-headed hydra
 12631 | D:12     | Noticed a two-headed ogre
 12648 | D:12     | Killed a two-headed ogre
 12842 | D:12     | Found a runed translucent gate.
 12843 | D:12     | Found a runed translucent gate.
 12844 | D:12     | Found a runed translucent gate.
 13442 | Lair:1   | Entered Level 1 of the Lair of Beasts
 13663 | Lair:1   | Reached XP level 13. HP: 88/88 MP: 21/21
 13947 | Lair:1   | Reached skill level 10 in Dodging
 13977 | Lair:1   | Reached skill level 13 in Stealth
 14034 | Lair:1   | Reached skill level 5 in Summonings
 15027 | Lair:2   | Upgraded the game from 0.32-a0-994-gabb26cbae4 to
                  | 0.32-a0-996-gb3226c233f
 15271 | Lair:2   | Reached skill level 10 in Fighting
 15409 | Lair:2   | Noticed a six-headed hydra
 15419 | Lair:2   | Killed a six-headed hydra
 15699 | Lair:2   | Found a staircase to the Snake Pit.
 15799 | Lair:2   | Noticed a six-headed hydra
 15803 | Lair:2   | Killed a six-headed hydra
 16497 | Lair:3   | Reached XP level 14. HP: 95/95 MP: 25/25
 16502 | Lair:3   | Reached skill level 5 in Hexes
 17126 | Lair:3   | Found a staircase to the Shoals.
 17748 | Lair:4   | Learned a level 5 spell: Summon Forest
 17793 | Lair:4   | Identified the +4 scale mail "Hihig" {rElec rPois}
 17977 | Lair:4   | Reached skill level 1 in Translocations
 18418 | D:2      | Bought a book of Burglary for 242 gold pieces
 18603 | D:11     | Learned a level 3 spell: Passwall
 18853 | Lair:3   | Reached skill level 5 in Throwing
 19066 | Lair:3   | Reached skill level 14 in Stealth
 19083 | Lair:3   | Reached skill level 1 in Earth Magic
 19482 | Lair:4   | Identified the +1 ring mail "Jouff" {rElec Str+2 Int-2
                  | Dex+3}
 20410 | Lair:5   | Entered Level 5 of the Lair of Beasts
 20634 | Lair:5   | Found a glowing golden altar of the Shining One.
 20835 | Lair:5   | Found a viscous altar of Jiyva.
 20835 | Lair:5   | Found a staircase to the Slime Pits.
 20903 | Lair:5   | Reached XP level 15. HP: 92/101 MP: 25/27
 21921 | Lair:5   | Reached skill level 5 in Armour
 22194 | Lair:5   | Reached skill level 5 in Spellcasting
 22760 | Lair:5   | Identified the +6 flail of Hell's Wrath {spect, Fly Will+
                  | MP+9 SInv}
 23973 | D:10     | Learned a level 6 spell: Summon Cactus Giant
 24012 | D:10     | Killed Amaemon
 24013 | D:10     | Reached skill level 15 in Stealth
 24107 | Orc:1    | Entered Level 1 of the Orcish Mines
 24151 | Orc:1    | Found Voul's Weapon Emporium.
 24200 | Orc:1    | Found Demig's Magic Scroll Shop.
 24202 | Orc:1    | Found Wyffu's Weapon Shoppe.
 24540 | Orc:1    | Found Syratinn's Assorted Antiques.
 24786 | Orc:2    | Entered Level 2 of the Orcish Mines
 24803 | Orc:2    | Reached XP level 16. HP: 80/107 MP: 8/28
 24824 | Orc:2    | Found a roughly hewn altar of Beogh.
 24845 | Orc:2    | Found a frozen archway.
 24872 | IceCv    | Entered an ice cave
 25025 | IceCv    | Identified the +0 pair of boots of Xusegeveg {Rampage rN+}
 25058 | IceCv    | Found a transporter.
 25381 | IceCv    | Found a transporter.
 25517 | Orc:2    | Found a staircase to the Elven Halls.
 25903 | Orc:2    | Found Fisity's Jewellery Boutique.
 26073 | Orc:2    | Reached skill level 10 in Summonings
 26278 | Orc:2    | Found Nah Hizu's Book Shoppe.
 26278 | Orc:2    | Found Popuerek's Magic Scroll Boutique.
 26279 | Orc:2    | Found Eziab's Antique Armour Shop.
 26279 | Orc:2    | Found Norgh's Distillery.
 26510 | Orc:2    | Bought the ring "Quthaff" {Wiz MP+9 Str+3 Dex+4} for 847
                  | gold pieces
 26510 | Orc:2    | Bought the ring "Nourunou" {rElec rPois Will- Int+6 SInv}
                  | for 650 gold pieces
 26908 | D:6      | Noticed Pascal76's ghost (novice MiFi)
 26934 | D:6      | Killed Pascal76's ghost
 27348 | D:13     | Noticed Urug
 27351 | D:13     | Killed Urug
 27409 | D:13     | Reached skill level 5 in Earth Magic
 27599 | D:13     | Noticed Snorg
 27600 | D:13     | Killed Snorg
 27634 | D:13     | Found Lediez's Assorted Antiques.
 27739 | D:13     | Noticed Frances
 27739 | D:13     | Killed Frances
 27740 | D:13     | Reached XP level 17. HP: 113/113 MP: 31/31
 28264 | D:13     | Learned a level 7 spell: Haunt
 28560 | D:14     | Found a gate to the Vaults.
 29176 | D:14     | Found a shimmering blue altar of Sif Muna.
 29410 | D:15     | Entered Level 15 of the Dungeon
 29491 | D:15     | Noticed Jorgrun
 29494 | D:15     | Killed Jorgrun
 29495 | D:15     | Reached skill level 16 in Stealth
 29839 | D:15     | Noticed Rupert
 29841 | D:15     | Killed Rupert
 29846 | D:15     | Found a broken altar of Ashenzari.
 30028 | D:15     | Identified the +1 trident of the Spinneret {pain, Int+6}
 30152 | D:15     | Identified the +0 leather armour "Pudghyf" {rF+ Dex+3 SInv}
 30264 | D:15     | Noticed Nessos
 30271 | D:15     | Killed Nessos
 30390 | D:15     | Found a staircase to the Depths.
 30799 | Snake:1  | Entered Level 1 of the Snake Pit
 30804 | Snake:1  | Noticed Roxanne
 31088 | Snake:1  | Identified the serpent talisman of Focus {rElec rF+ Will+}
 31088 | Snake:1  | Noticed Aizul
 31088 | Snake:1  | Killed Aizul
 31387 | Snake:1  | Noticed Kirke
 31415 | Snake:1  | Killed Kirke
 31985 | Snake:2  | Reached ***** piety under Ashenzari
 32224 | Snake:2  | Reached XP level 18. HP: 96/126 MP: 26/35
 32420 | Snake:2  | Noticed Vashnia
 32422 | Snake:2  | Killed Vashnia
 33521 | Snake:3  | Found a flickering gateway to a bazaar.
 33536 | Bazaar   | Entered a bazaar
 33560 | Bazaar   | Found Ubriem's Magic Scroll Shoppe.
 33560 | Bazaar   | Found Mohemin's Antique Armour Emporium.
 33581 | Bazaar   | Found Baloag's Distillery.
 33596 | Bazaar   | Found Yty Kyet's Antique Armour Emporium.
 33626 | Bazaar   | Bought a pair of runed gloves for 142 gold pieces
 33626 | Bazaar   | Bought a pair of glowing gloves for 142 gold pieces
 33667 | Bazaar   | Bought a scroll of enchant weapon for 90 gold pieces
 33667 | Bazaar   | Bought a scroll of butterflies for 48 gold pieces
 33667 | Bazaar   | Bought a scroll of teleportation for 36 gold pieces
 33667 | Bazaar   | Bought a scroll of teleportation for 36 gold pieces
 33667 | Bazaar   | Bought a scroll of fog for 48 gold pieces
 34122 | Snake:3  | Found a white marble altar of Elyvilon.
 34161 | Snake:3  | Noticed Donald
 34164 | Snake:3  | Killed Donald
 34920 | Snake:3  | Found Zukupt's Neck Hole.
 35144 | Snake:3  | Noticed Nikola
 35156 | Snake:3  | Killed Nikola
 35484 | Snake:4  | Entered Level 4 of the Snake Pit
 35491 | Snake:4  | Reached skill level 17 in Stealth
 36440 | Snake:4  | Reached XP level 19. HP: 130/130 MP: 27/36
 37483 | Snake:4  | Got a serpentine rune of Zot
 37822 | Snake:1  | Killed Roxanne
 37924 | Shoals:1 | Entered Level 1 of the Shoals
 38106 | Shoals:1 | Found Vuclow's Merfolk Armours.
 38106 | Shoals:1 | Found Vuclow's Visitors' Centre.
 38457 | Shoals:1 | Reached skill level 10 in Necromancy
 38495 | Shoals:1 | Reached skill level 5 in Shields
 38965 | Shoals:1 | Identified the amulet "Loitoz" {Faith rN+ MP+9}
 40239 | Shoals:2 | Found Xeesom's Antique Weapon Shop.
 40641 | Shoals:3 | Identified the +1 leather armour of Greater Demons {rF+++
                  | rC- Str+7 Int-5}
 41189 | Shoals:3 | Found the ring of the Mage {Wiz Archmagi}
 41837 | Shoals:4 | Entered Level 4 of the Shoals
 41921 | Shoals:4 | Reached XP level 20. HP: 136/136 MP: 37/37
 42014 | Shoals:4 | Reached skill level 15 in Short Blades
 42543 | Shoals:4 | Identified the +0 whip of the Morning {speed, Dex+8}
 42564 | Shoals:4 | Reached skill level 18 in Stealth
 42968 | Shoals:4 | Noticed Polyphemus
 42977 | Shoals:4 | Slain by Polyphemus

Illustrated notes

Levels and vault maps discovered:
D:1:      matt_arrival_grand_opening, layout_basic
D:2:      layout_loops_ring, dreamdust_ecumenical_altar_angels_and_demons,
          serial_shops, shop, nicolae_shop_tiny_waterfront, shop,
          nicolae_shop_behind_doors, nicolae_shop_bloodbath_and_beyond,
          uniq_jessica
D:3:      layout_loops_cross, elyvilon_altar_5, cheibrodos_sewer_entry_drain,
          uniq_robin
D:4:      layout_rooms, lemuel_round_altar, lemuel_coloured_pillars_altar
D:5:      layout_gridville, mainiacjoe_overflow_paths
D:6:      layout_basic, nicolae_qazlal_beasts_of_the_sky, gammafunk_ghost_icy,
          nicolae_houndstooth_variations
D:7:      layout_gridville, mainiacjoe_overflow_alcove_1,
          nzn_hepliaklqana_mist_gate, minmay_temple_entry_crystal_x,
          serial_bayou, serial_bayou_crossing, serial_bayou_ford_a,
          serial_bayou_lagoon_a, serial_bayou_lake_a, serial_bayou_pond_d,
          kennysheep_dice, uniq_maurice
D:8:      layout_cave_pools
D:9:      layout_long_grid, uniq_maggie, uniq_harold
D:10:     layout_cave_pools, mainiacjoe_overflow_boulevard,
          ebering_ghost_inner_flame, uniq_amaemon
D:11:     layout_loops_corners, lair_entry_dummy, gauntlet_entry_generic,
          jiyva_altar_1
D:12:     layout_cave_pods, ploomutoo_gammafunk_ghost_potion_laboratory,
          minmay_microvault
D:13:     minmay_s_stair_smasher, layout_loops_ring, serial_shops,
          nicolae_shop_trees, uniq_urug, uniq_snorg, uniq_frances
D:14:     layout_roguey, david_vaults_5, hellmonk_sif_muna_bookshelves
D:15:     grunt_enter_depths_snipers, layout_small_grid,
          nicolae_ashenzari_skybound, uniq_nessos, uniq_rupert, uniq_jorgrun
Temple:   eino_narrow_crystal_temple
Lair:1:   layout_regular_city, minmay_lair_oklob_bushes,
          grunt_forest_large_clearings, grunt_megastairs_3, lemuel_fruit_fields,
          lemuel_fruit_tree
Lair:2:   layout_cave_pods, minmay_snake_entry_six_corridors, minivault_27,
          minmay_hedge_maze, grunt_megastairs_1
Lair:3:   wad_woods_minihive, layout_loops_ring, minmay_shoals_entry_centaurs,
          beast_lair_carwin_11
Lair:4:   layout_cave_pods, serial_rivers, chequers_serial_rivers_small_3,
          chequers_serial_rivers_small_a, chequers_serial_rivers_large_a,
          chequers_serial_rivers_micro_e, chequers_serial_rivers_micro_c,
          chequers_serial_rivers_room_a, pdpol_lair_cavern_descent
Lair:5:   due_jungle_book, layout_gridlike, slime_entry_1, basic_altar,
          serial_bayou_shore_b
Shoals:1: nicolae_shoals_mermall, layout_shoals
Shoals:2: layout_shoals, nicolae_shoals_c_island
Shoals:3: layout_shoals, nicolae_shoals_former_cling_halls
Shoals:4: shoals_end_simple, layout_shoals, uniq_polyphemus
Snake:1:  layout_rooms, uniq_aizul, uniq_kirke, uniq_roxanne
Snake:2:  layout_layer_cave, nicolae_triple_integral, uniq_vashnia
Snake:3:  layout_cave_shapes, serial_shops, bzr_entry_dummy, basic_altar,
          nicolae_snake_biting_tails, drop_trap,
          nicolae_shop_sticking_my_neck_out, grunt_megastairs_2, uniq_nikola,
          uniq_donald
Snake:4:  snake_pit, layout_rooms
Orc:1:    layout_diamond_mine, serial_shops, shop, nicolae_shop_window_shopping,
          shop, shop
Orc:2:    st_orc_ogre_mass, layout_diamond_mine, basic_altar, serial_shops,
          shop, portal_ice_cave_entry_ice_simulacra

Skill      XL: |  1  2  3  4  5  6  7  8  9 10 11 12 13 14 15 16 17 18 19 20 |
---------------+-------------------------------------------------------------+-----
Short Blades   | 3 4 5 6 7 9 10 11 12 13 14 15 | 15.1
Dodging        | 3 4 5 7 8 9 10 11 12 13 14 | 14.6
Stealth        | 7 8 9 10 11 12 13 14 15 16 17 18 | 18.0
Fighting       | 4 5 6 7 8 9 10 11 12 13 | 13.9
Armour         | 1 2 3 4 5 6 |  6.4
Necromancy     | 1 3 4 5 6 7 8 9 10 | 10.4
Evocations     | 3 5 6 7 8 9 |  9.0
Throwing       | 2 4 5 6 |  6.0
Shields        | 1 2 3 4 5 |  5.7
Summonings     | 4 6 8 9 10 11 12 13 | 13.9
Spellcasting   | 2 4 5 6 7 8 9 |  9.4
Hexes          | 2 4 5 |  5.8
Translocations | 3 4 |  4.4
Earth Magic    | 2 4 5 6 7 8 |  8.4

Action                     |  1- 3 |  4- 6 |  7- 9 | 10-12 | 13-15 | 16-18 | 19-21 || total
---------------------------+-------+-------+-------+-------+-------+-------+-------++-------
  Melee: Short sword       |     5 |   175 |       |       |       |       |       ||   180
         Dagger            |       |    71 |   250 |   659 |  1863 |  1094 |   468 ||  4405
  Throw: Dart              |       |       |       |     9 |     6 |       |       ||    15
         Throwing net      |       |       |       |     2 |       |       |       ||     2
   Cast: Summon Mana Viper |       |       |       |       |     4 |    37 |    24 ||    65
         Summon Cactus Gia |       |       |       |       |     3 |    56 |    34 ||    93
         Passwall          |       |       |       |       |     2 |    49 |    20 ||    71
         Summon Forest     |       |       |       |       |       |    13 |    11 ||    24
         Haunt             |       |       |       |       |       |       |     2 ||     2
 Invoke: Curse Item        |       |     4 |     1 |     3 |     2 |     2 |     2 ||    14
         Shatter the Chain |       |       |       |     2 |     1 |     2 |     2 ||     7
  Evoke: Wand              |       |       |       |    17 |     7 |     3 |     1 ||    28
         Sack of spiders   |       |       |       |       |     2 |     1 |       ||     3
         Condenser vane    |       |       |       |       |       |       |     1 ||     1
    Use: Potion            |       |     3 |       |     3 |       |       |     1 ||     7
         Scroll            |       |     1 |       |     3 |     1 |     2 |     1 ||     8
   Stab: Sleeping          |     2 |    42 |    38 |    44 |    57 |   127 |    78 ||   388
         Fleeing           |       |     1 |       |       |       |       |       ||     1
         Distracted        |       |     1 |       |     4 |     9 |     9 |     8 ||    31
         Invisible         |       |       |       |     2 |     1 |       |       ||     3
 Armour: Leather armour    |       |    41 |    39 |     6 |       |    80 |    51 ||   217
         Steam dragon scal |       |       |       |    95 |    16 |    78 |       ||   189
         Swamp dragon scal |       |       |       |   101 |   472 |       |       ||   573
         Troll leather arm |       |       |       |       |       |    39 |   131 ||   170
  Dodge: Dodged            |     1 |   165 |   124 |   475 |  1200 |   729 |   414 ||  3108
  Block: Buckler           |       |       |       |    63 |   403 |   240 |   160 ||   866

Table legend: (Time is in decaauts)
 A = Elapsed time spent in this place.
 B = Non-inter-level travel time spent in this place.
 C = Inter-level travel time spent in this place.
 D = Time resting spent in this place.
 E = Time spent auto-exploring this place.
 F = Levels seen in this place.
 G = Mean time per level.
                   A        B        C        D        E       F      G
               +--------+--------+--------+--------+--------+-----+--------+
         Total |  41058 |  36961 |   4097 |   2580 |  24834 |  35 | 1173.1 |
       Dungeon |  16881 |  14348 |   2533 |    370 |  10550 |  15 | 1125.4 |
        Temple |      1 |      1 |      0 |      0 |      0 |   1 |    1.0 |
          Lair |   9383 |   8643 |    740 |   1225 |   4957 |   5 | 1876.6 |
        Shoals |   4879 |   4742 |    137 |    102 |   3775 |   4 | 1219.8 |
     Snake Pit |   6643 |   6143 |    500 |    287 |   4439 |   4 | 1660.8 |
  Orcish Mines |   1826 |   1639 |    187 |    110 |   1036 |   2 |  913.0 |
        Bazaar |    171 |    171 |      0 |      0 |     73 |   1 |  171.0 |
         Sewer |    295 |    295 |      0 |    122 |      3 |   1 |  295.0 |
      Ice Cave |    519 |    519 |      0 |    358 |      0 |   1 |  519.0 |
      Gauntlet |    453 |    453 |      0 |      6 |      0 |   1 |  453.0 |
               +--------+--------+--------+--------+--------+-----+--------+

Top non-repeatable levels by time:
  Lair:5: 2838 daAuts
 Snake:4: 2026 daAuts
 Snake:3: 1930 daAuts
  Lair:4: 1899 daAuts
     D:6: 1635 daAuts
  Lair:3: 1587 daAuts
  Lair:1: 1572 daAuts
     D:7: 1532 daAuts
    D:11: 1527 daAuts
 Snake:2: 1501 daAuts
  Lair:2: 1487 daAuts
Shoals:1: 1468 daAuts
     D:9: 1306 daAuts
    D:10: 1234 daAuts
 Snake:1: 1185 daAuts
